 Dungeon Crawl Stone Soup version 0.28.0 (webtiles) character file.

Game seed: 4755414994823754696

2501 GrayStillPlays the Skirmisher (level 9, -5/71 HPs)
             Began as a Demonspawn Fighter on Feb 13, 2022.
             Was an Initiate of Gozag.
             Slain by a manticore (21 damage)
             ... on level 7 of the Dungeon.
             The game lasted 00:11:13 (5809 turns).

GrayStillPlays the Skirmisher (Demonspawn Fighter)  Turns: 5809, Time: 00:11:13

Health: -5/71      AC: 10    Str: 31    XL:     9   Next: 28%
Magic:  14/14      EV: 10    Int: 11    God:    Gozag
Gold:   693        SH:  5    Dex: 13    Spells: 15/15 levels left

rFire   + . .      SeeInvis .   a - +0 war axe {axe}
rCold   + . .      Faith    .   c - +0 buckler
rNeg    . . .      Spirit   .   I - +0 ring mail {rPois}
rPois   +          Reflect  .   (helmet restricted)
rElec   +          Harm     .   (no cloak)
rCorr   +          Rampage  .   (no gloves)
Will    .....                   (no boots)
Stlth   +.........              i - amulet of regeneration {@e2}
HPRegen 0.00/turn               K - +6 ring of strength
MPRegen 0.14/turn               s - +6 ring of strength

@: lethally poisoned (-5 -> -9), resistant, spiked, gold aura, inhibited regen
A: antennae 1, slimy green scales 3, foul stench 1, demonic magic 1, beak,
inhibited regeneration
a: Renounce Religion, Potion Petition, Call Merchant, Bribe Branch


You were on level 7 of the Dungeon.
You worshipped Gozag.
Gozag was pleased with you.
You visited 1 branch of the dungeon, and saw 7 of its levels.

You collected 717 gold pieces.
You paid 24 gold pieces to Gozag.


Innate Abilities, Weirdness & Mutations

You have a pair of small antennae on your head.
You are completely covered in slimy green scales. (AC +4, rPois)
You may rarely emit foul miasma when damaged in melee.
Spells you cast may paralyse adjacent enemies.
You have a beak for a mouth.
You do not regenerate when monsters are visible.


   Skills:
 + Level 6.6 Fighting
 - Level 3.8 Axes
 + Level 6.0 Armour
 - Level 4.4 Shields
 + Level 3.8 Spellcasting
 + Level 3.8 Transmutations
 + Level 3.7 Air Magic


You had 15 spell levels left.
You didn't know any spells.
Your spell library contained the following spells:

 Spells                   Type           Power      Damage    Failure   Level
 Beastly Appendage        Tmut           20%        N/A       9%          1
 Wereblood                Tmut           10%        N/A       14%         2
 Passwall                 Tmut/Erth      5%         N/A       30%         2
 Sandblast                Erth           4%         2d4       41%         1
 Spider Form              Tmut/Pois      6%         N/A       52%         3
 Blink                    Tloc           4%         N/A       54%         2
 Lesser Beckoning         Tloc           2%         N/A       78%         3
 Stone Arrow              Conj/Erth      4%         3d7       78%         3
 Passage of Golubria      Tloc           2%         N/A       99%         4
 Silence                  Hex/Air        3%         N/A       99%         5
 Manifold Assault         Tloc           2%         N/A       100%        5
 Lehudib's Crystal Spear  Conj/Erth      1%         10d2      100%        8

Inventory:

Hand Weapons
 a - a +0 war axe (weapon) {axe}
 e - a +2 dagger of venom {short}
   (You took it off a kobold on level 2 of the Dungeon)
 r - a +1 dagger of flaming {short}
   (You took it off a kobold on level 4 of the Dungeon)
 t - a +0 short sword of protection {short}
   (You took it off an orc priest on level 4 of the Dungeon)
 z - a +0 rapier of flaming {short}
   (You took it off Duvessa on level 4 of the Dungeon)
 A - a +0 dagger of flaming {short}
   (You took it off Dowan on level 4 of the Dungeon)
 H - a +0 whip of electrocution {mace}
   (You took it off an orc on level 6 of the Dungeon)
Missiles
 b - 2 javelins {throwing}
 f - 154 arrows
 g - 110 stones {throwing}
 h - 96 sling bullets
 q - 5 curare-tipped darts (quivered) {=fthrowing}
 v - 4 boomerangs {throwing}
 y - 5 poisoned darts {throwing}
Armour
 c - a +0 buckler (worn)
 I - a +0 ring mail of poison resistance (worn)
   (You found it on level 6 of the Dungeon)
Magical Staves
 C - a staff of cold {!astaff}
   (You found it on level 5 of the Dungeon)
Jewellery
 i - an amulet of regeneration (around neck) {@e2}
   (You took it off a goblin on level 2 of the Dungeon)
 k - a +6 ring of dexterity
   (You found it on level 2 of the Dungeon)
 p - an amulet of the acrobat
   (You found it on level 3 of the Dungeon)
 s - a +6 ring of strength (right hand)
   (You found it on level 4 of the Dungeon)
 K - a +6 ring of strength (left hand)
   (You found it on level 6 of the Dungeon)
Wands
 o - a wand of digging (4)
   (You found it on level 3 of the Dungeon)
Scrolls
 j - a scroll of fog {unknown}
 m - 3 scrolls of fear {unknown}
 n - 7 scrolls of identify {unknown}
 w - a scroll of noise {unknown}
 x - 2 scrolls of summoning {unknown}
 B - a scroll of enchant armour {unknown}
 D - a scroll of blinking {unknown}
 G - a scroll of teleportation {unknown}
 J - a scroll of holy word {unknown}
 L - a scroll of amnesia {unknown}
Potions
 d - a potion of might
 u - a potion of heal wounds {@q2}
 F - 2 potions of brilliance

Dungeon Overview and Level Annotations

Branches:
Dungeon (7/15)             Temple (0/1) D:6

Altars:
Ashenzari
Gozag
Kikubaaqudgha
Ru
Trog
Wu Jian
Zin
The Shining One

Shops:
D:4

: #....#. .# #.#
#.... .# #.# #.#
#[###o.###># #.# #.#
......$....# #.# #.#
#.######$### #.# #.#
#.# #.# #.# .######.#
#.# #.#
.......o######<####.#
######.H@...........#
#.........######
###########


You could see a manticore and an orc.


Message History

You take 14 damage, and now have 57/71 hp.
You miss the sky beast. The sky beast hits you. The sky beast shocks you.
You emit a cloud of foul miasma!
The orc is distracted by your dazzling golden aura.
The sky beast is engulfed in dark miasma.
The sky beast is poisoned.
The sky beast seems to slow down.
The sky beast flickers out of sight!
Deactivating autopickup; reactivate with Ctrl-A.
Something hits you. Something shocks you.
The manticore flicks its tail.
The volley of spikes hits something!
The orc shouts! 😮 HP[-13]
You take 13 damage, and now have 44/71 hp.
The barbs in your skin will harm you if you move.
Continue? [Y]es or [N]o only, please.
The barbs in your skin will harm you if you move.
Continue? [Y]es or [N]o only, please.
The barbs in your skin will harm you if you move.
Continue?
Okay, then.
The barbs in your skin will harm you if you move.
Continue?
Okay, then. 😮 HP[+1] Reactivating autopickup.
You feel a bit more experienced.
The manticore flicks its tail.
The volley of spikes hits you!
The barbed spikes become lodged in your body.
* * * LOW HITPOINT WARNING * * *
😨 HP[-11]
You take 11 damage, and now have 34/71 hp.
Okay, then.
The manticore flicks its tail.
The volley of spikes misses you. 😨 HP[+1]
The manticore flicks its tail.
The volley of spikes hits you.
The barbed spikes become lodged in your body.
* * * LOW HITPOINT WARNING * * *
😨 HP[-1]
You take 1 damage, and now have 34/71 hp.
The orc is no longer distracted by gold.
The manticore flicks its tail.
The volley of spikes hits you!
The barbed spikes become lodged in your body.
* * * LOW HITPOINT WARNING * * *
😨 HP[-12]
You take 12 damage, and now have 22/71 hp.
It was a potion of resistance.
You feel protected.
The orc is distracted by your dazzling golden aura.
The manticore is distracted by your dazzling golden aura. 😨 HP[+1] It was a potion of heal wounds.
You feel much better. 😮 HP[+28]
You regained 28 hp, and now have 51/71 hp.
The barbs in your skin will harm you if you move.
Continue? [Y]es or [N]o only, please.
The barbs in your skin will harm you if you move.
Continue?
The barbed spikes dig painfully into your body as you move.
The orc is no longer distracted by gold. 😮 HP[-6]
You take 6 damage, and now have 45/71 hp.
The barbed spikes dig painfully into your body as you move. 😮 HP[-6]
You take 6 damage, and now have 39/71 hp.
The barbed spikes dig painfully into your body as you move.
* * * LOW HITPOINT WARNING * * *
The manticore is no longer distracted by gold. 😮 HP[-3]
You take 3 damage, and now have 36/71 hp.
The barbed spikes dig painfully into your body as you move.
* * * LOW HITPOINT WARNING * * *
😨 HP[-1]
You take 1 damage, and now have 35/71 hp.
It was a potion of mutation.
You feel extremely strange.
Your mouth lengthens and hardens into a beak!
Your regeneration stops near monsters. 😮 HP[+1]
The barbed spikes dig painfully into your body as you move.
* * * LOW HITPOINT WARNING * * *
The orc hits you but does no damage.
You are poisoned. 😨 HP[-8]
You take 8 damage, and now have 28/71 hp.
You slash the orc!
You kill the orc!
You feel very sick. 😨 HP[-3]
You take 3 damage, and now have 25/71 hp.
You barely miss the manticore. Your peck misses the manticore.
You feel sick. The manticore bites you.
* * * LOW HITPOINT WARNING * * *
You block the manticore's attack.
The manticore closely misses you. 😨 HP[-7]
You take 7 damage, and now have 18/71 hp.
You slash the manticore! You hit the orc.
You feel sick. The manticore bites you!!
You die...
Your body crumbles into a pile of gold.

Skill      XL: |  1  2  3  4  5  6  7  8  9 |
---------------+----------------------------+-----
Axes           | 2 3 |  3.8
Armour         | 3 4 5 6 |  6.0
Shields        | 3 4 |  4.4
Fighting       | 4 5 6 |  6.6
Spellcasting   | 1 3 |  3.8
Transmutations | 1 3 |  3.8
Air Magic      | 1 3 |  3.7

Action                   |  1- 3 |  4- 6 |  7- 9 || total
-------------------------+-------+-------+-------++-------
Melee: War axe           |    99 |   134 |   239 ||   472
       Dagger            |       |     8 |     3 ||    11
Throw: Dart              |       |       |     3 ||     3
  Use: Potion            |     3 |     1 |     3 ||     7
 Stab: Distracted        |       |       |     1 ||     1
Armor: Scale mail        |    39 |    79 |   137 ||   255
       Skin              |     1 |       |       ||     1
       Ring mail         |       |       |    14 ||    14
Dodge: Dodged            |    36 |    52 |   121 ||   209
Block: Buckler           |    23 |    34 |    76 ||   133

Levels and vault maps discovered:
D:1:      ncdulo_watergridlock, layout_loops_ring, ebering_ecumenical_altar_rust
D:2:      layout_loops_ring, minmay_liquid_box
D:3:      layout_loops_ring, pdpol_temple_overflow_zin_treasury_gozag_greed,
          mainiacjoe_overflow_surrounded_room, lemuel_tele_altar,
          serial_park_tiny_pond
D:4:      layout_basic, tgw_trog, serial_shops, kennysheep_mini,
          kennysheep_boxes, uniq_duvessa
D:5:      layout_cave_pools, nicolae_ru_awakened_eye,
          mainiacjoe_overflow_catwalk_spiral, uniq_eustachio
D:6:      layout_cave_pools, minmay_temple_entry_slanted, st_stairs_8,
          hangedman_decor_opposing
D:7:      layout_loops_ring, mainiacjoe_overflow_tiny_flanked,
          minmay_stone_trees_large, david_defended_altar_orc

Notes
Turn   | Place    | Note
-------+----------+-------------------------------------------
     0 | D:1      | GrayStillPlays the Demonspawn Fighter began the quest for
                  | the Orb.
     0 | D:1      | Reached XP level 1. HP: 18/18 MP: 1/1
     0 | D:1      | magus.rc [v1.9.6]
   128 | D:1      | Reached skill level 2 in Axes
   134 | D:1      | Gained mutation: You may rarely emit foul miasma when
                  | damaged in melee. [demonic ancestry]
   134 | D:1      | Reached XP level 2. HP: 8/24 MP: 2/2
   476 | D:1      | Found a faded altar of an unknown god.
   561 | D:1      | You pick up a book of Changes and begin reading...
   561 | D:1      | You add the spells Beastly Appendage, Wereblood and Spider
                  | Form to your library.
   695 | D:1      | You pick up a book of the Moon and begin reading...
   695 | D:1      | You add the spells Passage of Golubria, Silence and
                  | Lehudib's Crystal Spear to your library.
   872 | D:1      | Reached skill level 3 in Armour
   966 | D:1      | Reached skill level 3 in Shields
  1017 | D:2      | Gained mutation: You are partially covered in slimy green
                  | scales. (AC +2) [demonic ancestry]
  1017 | D:2      | Reached XP level 3. HP: 27/29 MP: 3/3
  1414 | D:2      | HP: 7/29 [dart slug (2)]
  1419 | D:2      | HP: 4/43 [poisoned by a kobold]
  1424 | D:2      | HP: 2/43 [poisoned by a kobold]
  1905 | D:2      | Gained mutation: You are mostly covered in slimy green
                  | scales. (AC +3) [demonic ancestry]
  1905 | D:2      | Reached XP level 4. HP: 32/35 MP: 4/4
  2392 | D:3      | Found an opulent altar of Gozag.
  2456 | D:3      | Became a worshipper of Gozag Ym Sagoz the Greedy
  2505 | D:3      | Found an ornate altar of the Wu Jian Council.
  3037 | D:4      | Noticed a scorpion
  3044 | D:4      | Killed a scorpion
  3045 | D:4      | Reached XP level 5. HP: 29/42 MP: 5/5
  3120 | D:4      | Reached skill level 4 in Fighting
  3130 | D:4      | Reached skill level 3 in Axes
  3240 | D:4      | Gained mutation: Spells you cast may paralyse adjacent
                  | enemies. [demonic ancestry]
  3240 | D:4      | Reached XP level 6. HP: 46/48 MP: 6/6
  3363 | D:4      | Reached skill level 4 in Shields
  3425 | D:4      | Reached skill level 4 in Armour
  3684 | D:4      | Noticed Duvessa
  3684 | D:4      | Noticed Dowan
  3697 | D:4      | Killed Duvessa
  3698 | D:4      | Gained mutation: You are completely covered in slimy green
                  | scales. (AC +4, rPois) [demonic ancestry]
  3698 | D:4      | Reached XP level 7. HP: 48/55 MP: 7/7
  3702 | D:4      | Killed Dowan
  3734 | D:4      | Noticed a moth of wrath
  3737 | D:4      | Found a bloodstained altar of Trog.
  3756 | D:4      | HP: 13/55 [worm (13)]
  3928 | D:4      | Found Orphut's Book Shoppe.
  4002 | D:4      | HP: 8/55 [ogre (19)]
  4038 | D:4      | Reached skill level 5 in Fighting
  4627 | D:5      | Entered Level 5 of the Dungeon
  4634 | D:5      | Reached skill level 1 in Spellcasting
  4634 | D:5      | Reached skill level 1 in Transmutations
  4634 | D:5      | Reached skill level 1 in Air Magic
  4668 | D:5      | Found a broken altar of Ashenzari.
  4668 | D:5      | Found an ancient bone altar of Kikubaaqudgha.
  4761 | D:5      | Gained mutation: You have a pair of small antennae on your
                  | head. [demonic ancestry]
  4761 | D:5      | Reached XP level 8. HP: 56/63 MP: 10/10
  4768 | D:5      | Reached skill level 5 in Armour
  4768 | D:5      | Reached skill level 2 in Spellcasting
  4768 | D:5      | Reached skill level 2 in Air Magic
  4803 | D:5      | Reached skill level 2 in Transmutations
  4833 | D:5      | Found a sacrificial altar of Ru.
  4839 | D:5      | You pick up a book of Geomancy and begin reading...
  4839 | D:5      | You add the spells Sandblast, Passwall and Stone Arrow to
                  | your library.
  4896 | D:5      | Noticed Eustachio
  4910 | D:5      | Killed Eustachio
  5032 | D:5      | Reached skill level 6 in Fighting
  5050 | D:5      | Reached skill level 3 in Spellcasting
  5050 | D:5      | Reached skill level 3 in Transmutations
  5050 | D:5      | Reached skill level 3 in Air Magic
  5287 | D:6      | Reached XP level 9. HP: 69/69 MP: 12/14
  5397 | D:6      | Found a staircase to the Ecumenical Temple.
  5476 | D:6      | You pick up a book of Spatial Translocations and begin
                  | reading...
  5476 | D:6      | You add the spells Blink, Lesser Beckoning and Manifold
                  | Assault to your library.
  5774 | D:7      | Noticed a manticore
  5792 | D:7      | Reached skill level 6 in Armour
  5805 | D:7      | Gained mutation: You have a beak for a mouth. [potion of
                  | mutation]
  5805 | D:7      | Gained mutation: You do not regenerate when monsters are
                  | visible. [potion of mutation]
  5809 | D:7      | HP: 16/71 [poisoned by an orc]
  5809 | D:7      | Slain by a manticore

Vanquished Creatures
  Eustachio (D:5)
  Duvessa (D:4)
  2 sky beasts
  3 black bears (D:5)
  An ice beast (D:6)
  A necrophage (D:6)
  5 ogres
  2 phantoms
  A gnoll sergeant (D:6)
  2 bullfrogs
  A scorpion (D:4)
  A water moccasin skeleton (D:5)
  Dowan (D:4)
  A howler monkey (D:4)
  A bullfrog zombie (D:6)
  3 hounds (D:5)
  A bullfrog skeleton (D:5)
  4 orc priests (D:4)
  5 iguanas
  3 orc wizards
  A howler monkey skeleton (D:6)
  5 gnolls (D:6)
  5 adders
  A shadow imp (D:6)
  An adder skeleton (D:4)
  4 worms
  6 dart slugs
  17 orcs
  8 ball pythons
  4 bats
  9 endoplasms
  4 giant cockroaches
  7 goblins
  6 hobgoblins
  2 jackals (D:2)
  5 kobolds
  5 quokkas
  3 frilled lizards
  5 rats
138 creatures vanquished.

Table legend:
 A = Non-vault XP
 B = Vault XP
 C = Vault XP percentage of total XP
 D = Non-vault monster count
 E = Vault monster count
 F = Vault count percentage of total count
                 A         B        C        D         E       F
            +---------+---------+-------+---------+---------+-------
      Total |    3050 |     524 |  14.7 |     130 |       8 |   5.8
            +---------+---------+-------+---------+---------+-------
        D:1 |      34 |       0 |   0.0 |      17 |       0 |   0.0
        D:2 |      96 |       0 |   0.0 |      28 |       0 |   0.0
        D:3 |      22 |       0 |   0.0 |      12 |       0 |   0.0
        D:4 |     713 |     225 |  24.0 |      30 |       6 |  16.7
        D:5 |    1137 |     214 |  15.8 |      14 |       1 |   6.7
        D:6 |     769 |      85 |  10.0 |      23 |       1 |   4.2
        D:7 |     279 |       0 |   0.0 |       6 |       0 |   0.0
            +---------+---------+-------+---------+---------+-------

Illustrated notes

Table legend:
 A = Kills in this place as a percentage of kills in entire the game.
 B = Kills by you in this place as a percentage of kills by you in the entire game.
 C = Kills by friends in this place as a percentage of kills by friends in the entire game.
 D = Other kills in this place as a percentage of other kills in the entire game.
 E = Experience gained in this place as a percentage of experience gained in the entire game.
 F = Experience gained in this place divided by the number of levels of this place that you have seen.
                   A       B       C       D       E      F
               +-------+-------+-------+-------+-------+----------------------
         Total | 100.0 | 100.0 |   N/A |   N/A | 100.0 | 510.6
       Dungeon | 100.0 | 100.0 |   N/A |   N/A | 100.0 | 510.6
               +-------+-------+-------+-------+-------+----------------------

Table legend: (Time is in decaauts)
 A = Elapsed time spent in this place.
 B = Non-inter-level travel time spent in this place.
 C = Inter-level travel time spent in this place.
 D = Time resting spent in this place.
 E = Time spent auto-exploring this place.
 F = Levels seen in this place.
 G = Mean time per level.
                   A        B        C        D        E       F      G
               +--------+--------+--------+--------+--------+-----+--------+
         Total |   5994 |   5623 |    371 |    406 |   3960 |   7 |  856.3 |
       Dungeon |   5994 |   5623 |    371 |    406 |   3960 |   7 |  856.3 |
               +--------+--------+--------+--------+--------+-----+--------+

Top non-repeatable levels by time:
     D:4: 1665 daAuts
     D:2: 1296 daAuts
     D:1: 1029 daAuts
     D:3: 757 daAuts
     D:6: 666 daAuts
     D:5: 490 daAuts
     D:7: 90 daAuts
